 Dungeon Crawl Stone Soup version 0.25-a0-44-g29a1220a87 (webtiles) character file.

Game seed: 13825994232865032024, levelgen mode: deterministic

8 Iscandelvey the Vexing (level 2, 21/21 HPs)
             Began as a Demonspawn Arcane Marksman on Oct 23, 2019.
             Quit the game on level 1 of the Dungeon.
             The game lasted 00:00:09 (263 turns).

Iscandelvey the Vexing (Demonspawn Arcane Marksman)  Turns: 263, Time: 00:00:09

Health: 21/21      AC:  2    Str: 10    XL:     2   Next: 0%
Magic:  3/3        EV: 12    Int: 14    God:
Gold:   0          SH:  0    Dex: 13    Spells: 2/3 levels left

rFire    . . .     SeeInvis .   a - +0 hunting sling
rCold    . . .     Gourm    .   (no shield)
rNeg     . . .     Faith    .   e - +0 robe
rPois    .         Spirit   .   (helmet restricted)
rElec    .         Reflect  .   (no cloak)
rCorr    .         Harm     .   (no gloves)
MR       .....                  (no boots)
Stlth    +.........             (no amulet)
HPRegen  0.07/turn              (no ring)
MPRegen  0.08/turn              (no ring)

@: no status effects
A: antennae 1
a: no special abilities


You were on level 1 of the Dungeon.
You were not hungry.

You visited 1 branch of the dungeon, and saw 1 of its levels.

Inventory:

Hand Weapons
 a - a +0 hunting sling (weapon)
Missiles
 b - 54 stones
 d - 17 sling bullets (quivered)
Armour
 e - a +0 robe (worn)
Scrolls
 c - a scroll of fog {unknown}
 g - a scroll of fear {unknown}
Comestibles
 f - a ration


   Skills:
 + Level 1.0 Fighting
 + Level 1.8 Slings
 + Level 1.7 Dodging
 + Level 1.0 Spellcasting
 + Level 3.5 Hexes


You had 2 spell levels left.
You knew the following spells:

 Your Spells              Type           Power        Failure   Level  Hunger
a - Corona                Hex            ##.....      6%          1    ##.....

Your spell library contained the following spells:

 Spells                   Type           Power        Failure   Level  Hunger
 Slow                     Hex            ##......     10%         2    ###....
 Inner Flame              Hex/Fire       #.......     36%         3    ####...
 Portal Projectile        Hex/Tloc       #.....       36%         3    ####...
 Cause Fear               Hex            ##........   52%         4    #####..
 Leda's Liquefaction      Hex/Erth       #.........   77%         4    #####..


Dungeon Overview and Level Annotations

Branches:
Dungeon (1/15)

Altars:


Innate Abilities, Weirdness & Mutations

You have a pair of small antennae on your head.


Message History

No target in view!
d - 18 sling bullets (gained 1)
Things that are here:
a +0 club; a hobgoblin corpse
Found a robe.
No target in view!
b - 54 stones (gained 19)
You see here a robe.
A giant cockroach comes into view.
You see here a scroll labeled GUGUABREDGHU.
Firing (i - inventory. (/) - cycle)
d - 18 sling bullets (quivered)
Press: ? - help, Shift-Dir - straight line, f - giant cockroach
Aim: a giant cockroach (resting)
You shoot a sling bullet.
The sling bullet hits the giant cockroach.
You kill the giant cockroach!
You have reached level 2!
Your demonic ancestry asserts itself...
A pair of antennae grows on your head!
Are you sure you want to abandon this character and quit the game? (Confirm with "yes".)

#.#
#..........########
##....
#...............
###..
#..........#..# ###
...........#..#
...........#..##
...........#..$
..........[#.#
.#####.......#
#......@# #.......#
#.......# #.....$..
#.........
#......###.
........ .....(.


There were no monsters in sight!

Vanquished Creatures
  A bat (D:1)
  A giant cockroach (D:1)
  A goblin (D:1)
  2 hobgoblins (D:1)
  A kobold (D:1)
  A rat (D:1)
7 creatures vanquished.

Notes
Turn   | Place    | Note
-------+----------+-------------------------------------------
     0 | D:1      | Iscandelvey the Demonspawn Arcane Marksman began the quest
                  | for the Orb.
     0 | D:1      | Reached XP level 1. HP: 15/15 MP: 2/2
   262 | D:1      | Gained mutation: You have a pair of small antennae on your
                  | head. [demonic ancestry]
   262 | D:1      | Reached XP level 2. HP: 21/21 MP: 3/3
   263 | D:1      | Quit the game

Levels and vault maps discovered:
D:1:      dpeg_arrival_three_same_balls, layout_basic,
          minmay_misc_feat_nine_boxes

Action                   || total
-------------------------++-------
 Fire: Hunting sling     ||    22
Armor: Robe              ||     6
Dodge: Dodged            ||     5

Table legend:
 A = Non-vault XP
 B = Vault XP
 C = Vault XP percentage of total XP
 D = Non-vault monster count
 E = Vault monster count
 F = Vault count percentage of total count
                 A         B        C        D         E       F
            +---------+---------+-------+---------+---------+-------
      Total |      12 |       0 |   0.0 |       7 |       0 |   0.0
            +---------+---------+-------+---------+---------+-------
        D:1 |      12 |       0 |   0.0 |       7 |       0 |   0.0
            +---------+---------+-------+---------+---------+-------
